 Dungeon Crawl Stone Soup version 0.21-a0-442-g848f44b (webtiles) character file.

21151 Madydog the Impaler (level 12, -1/104 HPs)
             Began as a Minotaur Berserker on Nov 16, 2017.
             Was a High Priest of Trog.
             Slain by a water elemental (4 damage)
             ... on level 12 of the Dungeon.
             The game lasted 00:39:52 (12728 turns).

Madydog the Impaler (Minotaur Berserker)           Turns: 12728, Time: 00:39:53

Health: -1/104     AC: 19    Str: 34    XL:     12   Next: 51%
Magic:  3/3        EV:  8    Int:  4    God:    Trog [*****.]
Gold:   648        SH: 21    Dex:  9    Spells: 11/11 levels left

rFire    . . .     SeeInvis +   r - +3 trident (antimagic)
rCold    + . .     Gourm    .   x - +0 large shield
rNeg     . . .     Faith    +   D - +0 plate armour
rPois    .         Spirit   .   (helmet restricted)
rElec    .         Reflect  .   I - +1 cloak
rCorr    .         Harm     .   d - +0 pair of gloves
MR       .....                  A - +0 pair of boots
Stlth    ..........             e - amulet of faith
HPRegen  0.27/turn              F - +3 ring of strength
MPRegen  0.08/turn              q - +3 ring of strength

@: engulfed (cannot breathe), berserk cooldown, slowed, very slow
A: retaliatory headbutt, horns 2, see invisible, cold resistance 1
a: Berserk, Trog's Hand, Brothers in Arms, Burn Spellbooks, Renounce Religion


You were on level 12 of the Dungeon.
You worshipped Trog.
Trog was extremely pleased with you.
You were near starving.

You visited 1 branch of the dungeon, and saw 13 of its levels.

You collected 648 gold pieces.

Inventory:

Hand Weapons
 r - a +3 antimagic trident (weapon)
 z - a +0 spear of freezing
 G - a +8 hand crossbow of flaming
Armour
 d - a +0 pair of gloves (worn)
 x - a +0 large shield (worn)
 A - a +0 pair of boots (worn)
 D - a +0 plate armour (worn)
 E - a +1 cloak
 I - a +1 cloak (worn)
Jewellery
 e - an amulet of faith (around neck)
 q - a +3 ring of strength (right hand)
 u - an uncursed ring of fire {unknown}
 y - a +2 ring of evasion
 F - a +3 ring of strength (left hand)
Wands
 H - a wand of iceblast (2/15)
Scrolls
 a - 3 scrolls of magic mapping
 b - 3 scrolls of remove curse
 h - 6 scrolls of amnesia
 i - a scroll of torment
 k - 3 scrolls of immolation
 l - a scroll of holy word {unknown}
 o - 4 scrolls of teleportation
 t - 3 scrolls of fear
 v - 3 scrolls of recharging
 B - 3 scrolls of noise
 J - 4 scrolls of identify
Potions
 f - 4 potions of curing
 g - 4 potions of haste
 j - a potion of cancellation
 m - a potion of resistance
 w - 4 potions of heal wounds
 C - 2 potions of flight
Comestibles
 c - 7 bread rations
 n - 10 royal jellies
 p - 9 fruits
 s - 6 meat rations


   Skills:
 + Level 9.1 Fighting
   Level 5.2 Long Blades
 * Level 15.2 Polearms
 + Level 9.2 Armour
 + Level 4.2 Dodging
 - Level 0.4 Stealth
 + Level 13.5 Shields


You had 11 spell levels left.
You didn't know any spells.

Dungeon Overview and Level Annotations

Branches:
Dungeon (13/15)            Temple (0/1) D:5            Lair (0/6) D:8
    Orc (0/2) D:12
 Vaults: D:13-14

Altars:
Cheibriados
Elyvilon
Fedhas
Gozag
Hepliaklqana
Kikubaaqudgha
Nemelex Xobeh
Ru
Trog
Uskayaw
Yredelemnul

Shops:
D:6 *[(   D:10 %


Innate Abilities, Weirdness & Mutations

You reflexively headbutt those who attack you in melee.
You have a pair of horns on your head.
You have supernaturally acute eyesight. (SInv)
Your flesh is cold resistant. (rC+)


Message History

The water elemental is severely damaged.
* * * LOW HITPOINT WARNING * * *
Your lungs strain for air!
You block the water elemental's attack.
Your shield and plate armour prevent you from hitting the water elemental.
The water elemental is severely damaged.
* * * LOW HITPOINT WARNING * * *
Your lungs strain for air!
You block the water elemental's attack.
You closely miss the water elemental. You headbutt the water elemental.
The water elemental is severely damaged.
* * * LOW HITPOINT WARNING * * *
Your lungs strain for air!
You block the water elemental's attack.
You puncture the water elemental!
The water elemental is almost destroyed.
* * * LOW HITPOINT WARNING * * *
Your lungs strain for air!
The water elemental hits you.
You die...

#.#......................#..#....
#.#......................#..#(...
'.#...>...............(.....#....
#############################....
#.......... #..........
############ #..........
#..........#######'##....##
#.........@E...[.(.).......
#.........[#######.##......
#...................+......
#>............#######......
#.....#####...# #...... #######
#...# #...... #...# ######. #...#
####. ##### #....


You could see a water elemental.

Vanquished Creatures
  Fannar (D:11)
  A hydra (D:12)
  7 two-headed ogres
  An unseen horror (D:12)
  2 deep elf magi
  A manticore (D:11)
  3 cyclopes
  Psyche (D:9)
  2 centaur skeletons
  2 gargoyles (D:12)
  A kobold demonologist (D:12)
  2 hornets
  A troll (D:5)
  3 hippogriffs
  Prince Ribbit (D:9)
  A wraith (D:12)
  5 yaks
  3 hogs (D:12)
  A human (D:12)
  A wyvern (D:11)
  6 vampire mosquitoes (D:12)
  Menkaure (D:7)
  2 water moccasins
  2 hell hounds (D:8)
  An eye of draining (D:12)
  5 ice beasts
  A swamp drake (D:12)
  3 orc warriors
  4 phantoms
  A necrophage (D:11)
  3 sky beasts
  6 ogres
  An eye of draining (shapeshifter) (D:13)
  3 centaurs
  2 big kobolds (D:11)
  A gnoll sergeant (D:10)
  5 bullfrogs
  2 jellies
  A scorpion (D:5)
  9 killer bees
  An electric eel (D:13)
  3 howler monkeys
  6 crimson imps
  2 bullfrog zombies
  5 centaur zombies (D:12)
  A quasit (D:11)
  9 orc priests
  2 bullfrog skeletons
  A gnoll shaman (D:3)
  5 hounds
  Natasha (thrice) (D:3)
  5 iguanas
  7 orc wizards
  3 worker ants
  A hound zombie (D:11)
  3 hound skeletons
  A worker ant zombie (D:5)
  10 gnolls
  A howler monkey skeleton (D:7)
  9 adders
  2 shadow imps
  4 oozes
  An adder zombie (D:6)
  8 worms
  4 dart slugs
  6 leopard geckos
  32 orcs
  5 ball pythons
  A giant cockroach (D:3)
  6 goblins
  3 hobgoblins
  3 jackals (D:2)
  3 quokkas
  6 bats
  9 frilled lizards
  10 kobolds
  A leopard gecko zombie (D:8)
  2 quokka skeletons
  7 rats (D:1)
290 creatures vanquished.

Notes
Turn   | Place    | Note
-------+----------+-------------------------------------------
     0 | D:1      | Madydog the Minotaur Berserker began the quest for the Orb.
     0 | D:1      | Reached XP level 1. HP: 19/19 MP: 0/0
   248 | D:1      | Reached XP level 2. HP: 16/27 MP: 1/1
   529 | D:1      | Reached ** piety under Trog
  1341 | D:2      | Found an ancient bone altar of Kikubaaqudgha.
  1349 | D:2      | Reached XP level 3. HP: 29/33 MP: 2/2
  2026 | D:3      | Noticed Natasha
  2032 | D:3      | Killed Natasha
  2032 | D:3      | Reached XP level 4. HP: 33/41 MP: 3/3
  2038 | D:3      | Reached skill level 5 in Long Blades
  2310 | D:3      | Noticed Natasha
  2312 | D:3      | Found a hide-covered altar of Uskayaw.
  2319 | D:3      | Killed Natasha
  2319 | D:3      | Reached XP level 5. HP: 47/47 MP: 4/4
  2498 | D:3      | Noticed Natasha
  2512 | D:3      | Killed Natasha
  2885 | D:3      | Reached *** piety under Trog
  3099 | D:3      | Found a hazy altar of Hepliaklqana.
  3485 | D:3      | Reached skill level 5 in Fighting
  3485 | D:3      | Reached skill level 1 in Polearms
  3485 | D:3      | Reached skill level 1 in Shields
  3746 | D:4      | Reached XP level 6. HP: 49/56 MP: 5/5
  3891 | D:4      | Reached skill level 2 in Polearms
  4071 | D:4      | Reached skill level 3 in Polearms
  4127 | D:4      | Reached XP level 7. HP: 28/61 MP: 6/6
  4167 | D:4      | Reached skill level 4 in Polearms
  4734 | D:5      | Entered Level 5 of the Dungeon
  4758 | D:5      | Reached skill level 5 in Polearms
  4841 | D:5      | Reached skill level 6 in Polearms
  4904 | D:5      | Found a staircase to the Ecumenical Temple.
  5114 | D:5      | Reached skill level 5 in Armour
  5114 | D:5      | Reached XP level 8. HP: 70/70 MP: 7/7
  5134 | D:5      | Reached skill level 7 in Polearms
  5232 | D:5      | Found a sparkling altar of Nemelex Xobeh.
  5430 | D:5      | Reached skill level 5 in Shields
  5434 | D:5      | Reached **** piety under Trog
  5444 | D:6      | Noticed a troll
  5485 | D:5      | Killed a troll
  5485 | D:5      | Reached skill level 8 in Polearms
  5589 | D:6      | Found Bolumyer's Weapon Shop.
  5599 | D:6      | Found Uhilois's Armour Shoppe.
  5662 | D:6      | Found an opulent altar of Gozag.
  5663 | D:6      | Found Gozag's Platinum Reserve.
  5994 | D:6      | Reached XP level 9. HP: 70/75 MP: 8/8
  6125 | D:6      | Gained mutation: You have supernaturally acute eyesight. (SInv) [potion of mutation]
  6125 | D:6      | Gained mutation: Your flesh is cold resistant. (rC+) [potion of mutation]
  6400 | D:6      | Found a blossoming altar of Fedhas.
  6400 | D:6      | Found a snail-covered altar of Cheibriados.
  6467 | D:6      | Reached skill level 9 in Polearms
  6682 | D:6      | Found a bloodstained altar of Trog.
  7158 | D:7      | Received a gift from Trog
  7237 | D:7      | Noticed Menkaure
  7248 | D:7      | Killed Menkaure
  8032 | D:8      | Noticed a two-headed ogre
  8050 | D:8      | Killed a two-headed ogre
  8050 | D:8      | Reached skill level 10 in Polearms
  8279 | D:8      | Found a staircase to the Lair.
  8603 | D:8      | Reached XP level 10. HP: 84/84 MP: 9/9
  8830 | D:9      | Noticed Prince Ribbit
  8850 | D:9      | Killed Prince Ribbit
  8923 | D:9      | Found a white marble altar of Elyvilon.
  8967 | D:9      | Noticed Psyche
  8970 | D:9      | Paralysed by Psyche for 2 turns
  8978 | D:9      | Killed Psyche
  8978 | D:9      | Reached skill level 11 in Polearms
  9134 | D:9      | Reached ***** piety under Trog
  9180 | D:9      | You fall through a shaft!
  9180 | D:10     | Entered Level 10 of the Dungeon
  9180 | D:10     | Found Kubaorank's Food Emporium.
  9270 | D:10     | Noticed a two-headed ogre
  9284 | D:10     | Killed a two-headed ogre
  9583 | D:9      | Found a sacrificial altar of Ru.
  9820 | D:9      | Found a basalt altar of Yredelemnul.
 10006 | D:10     | Noticed a two-headed ogre
 10023 | D:10     | Killed a two-headed ogre
 10023 | D:10     | Reached skill level 12 in Polearms
 10023 | D:10     | Reached skill level 10 in Shields
 10093 | D:10     | Noticed a two-headed ogre
 10095 | D:10     | Noticed a two-headed ogre
 10113 | D:10     | Killed a two-headed ogre
 10113 | D:10     | Reached XP level 11. HP: 92/92 MP: 10/10
 10118 | D:10     | Killed a two-headed ogre
 10176 | D:10     | Found a basalt altar of Yredelemnul.
 10496 | D:11     | Reached skill level 13 in Polearms
 10572 | D:11     | Noticed Fannar
 10601 | D:11     | Killed Fannar
 11239 | D:11     | Received a gift from Trog
 11739 | D:12     | Noticed a two-headed ogre
 11764 | D:12     | Killed a two-headed ogre
 11764 | D:12     | Reached skill level 14 in Polearms
 11852 | D:12     | Reached XP level 12. HP: 103/103 MP: 3/11
 12083 | D:12     | Noticed a five-headed hydra
 12106 | D:12     | Killed a five-headed hydra
 12377 | D:12     | Noticed a two-headed ogre
 12388 | D:12     | Killed a two-headed ogre
 12388 | D:12     | Reached skill level 15 in Polearms
 12402 | D:12     | Received a gift from Trog
 12424 | D:12     | Found a staircase to the Orcish Mines.
 12728 | D:12     | HP: 3/104 [drowned by a water elemental (7)]
 12728 | D:12     | Slain by a water elemental

Vault maps used:
D:1:      saegor_arrival_simple_a, nrook_mini_vaults
D:2:      lemuel_doored_altar
D:3:      lemuel_round_altar, eat_drink_and_be_merry_uskayaw, uniq_natasha
D:5:      nemelex_xobeh_ov_fountains_minmay, minmay_temple_entry_glassed_door,
          first_bread
D:6:      overflow_temple_1_default, chequers_temple_overflow_statue_of_worship,
          nicolae_gozag_zags_fifth_avenue, serial_shops, shop_statue,
          kennysheep_mini_moat
D:7:      uniq_menkaure
D:8:      minmay_lair_entry_lava
D:9:      kennysheep_ying_yang, nicolae_ru_awakened_eye, uniq_psyche,
          uniq_prince_ribbit1
D:10:     serial_shops, shop_fountains, basic_altar
D:11:     uniq_fannar
D:12:     erik_orc_1, grunt_livestock
D:13:     cheibrodos_body_horror, david_vaults_2, minmay_misc_feat_encased,
          lemuel_flamethrower_3, uniq_erolcha

Skill      XL: |  1  2  3  4  5  6  7  8  9 10 11 12 |
---------------+-------------------------------------+-----
Fighting       | 4 5 6 7 8 9 |  9.1
Long Blades    | 4 5 |  5.2
Armour         | 3 4 5 7 8 9 |  9.2
Polearms       | 1 3 6 8 10 12 14 15 | 15.2
Dodging        | 3 4 |  4.2
Shields        | 1 2 3 6 8 10 12 13 | 13.5
Stealth        | |  0.4

Action                   |  1- 3 |  4- 6 |  7- 9 | 10-12 || total
-------------------------+-------+-------+-------+-------++-------
Melee: Falchion          |    76 |    51 |       |       ||   127
       Headbutt          |    15 |    33 |    73 |   152 ||   273
       Spear             |       |   150 |   425 |   394 ||   969
       Trident           |       |       |       |   316 ||   316
Invok: Berserk           |       |     2 |     2 |     6 ||    10
  Use: Scroll            |       |     2 |    10 |     4 ||    16
       Potion            |       |       |     9 |     1 ||    10
  Eat: Chunk             |     3 |     9 |    12 |    17 ||    41
       Bread ration      |       |       |     1 |       ||     1
       Fruit             |       |       |     1 |       ||     1
Armor: Animal skin       |    10 |       |       |       ||    10
       Ring mail         |    15 |    30 |       |       ||    45
       Plate armour      |       |    10 |   109 |    97 ||   216
Dodge: Dodged            |    42 |    45 |    55 |    63 ||   205
Block: Large shield      |       |    95 |   245 |   375 ||   715
       Rpst.: Falchion   |    11 |     3 |       |       ||    14

Table legend:
 A = Spawn XP
 B = Non-spawn XP
 C = Spawn XP percentage of total XP
 D = Spawn monster count
 E = Non-spawn monster count
 F = Spawn count percentage of total count
 G = Total turns spent on level
                    A         B        C        D         E        F      G
               +---------+---------+-------+---------+---------+-------+---------
         Total |       0 |   30216 |   0.0 |       0 |     290 |   0.0 | 12728
               +---------+---------+-------+---------+---------+-------+---------
           D:1 |       0 |      39 |   0.0 |       0 |      23 |   0.0 |  1324
           D:2 |       0 |      56 |   0.0 |       0 |      14 |   0.0 |   701
           D:3 |       0 |     247 |   0.0 |       0 |      28 |   0.0 |  1463
           D:4 |       0 |     594 |   0.0 |       0 |      28 |   0.0 |  1246
           D:5 |       0 |    1361 |   0.0 |       0 |      21 |   0.0 |   794
           D:6 |       0 |     735 |   0.0 |       0 |      16 |   0.0 |  1335
           D:7 |       0 |    1050 |   0.0 |       0 |      10 |   0.0 |  1099
           D:8 |       0 |    1872 |   0.0 |       0 |      17 |   0.0 |   868
           D:9 |       0 |    1401 |   0.0 |       0 |      16 |   0.0 |   772
          D:10 |       0 |    4734 |   0.0 |       0 |      23 |   0.0 |   754
          D:11 |       0 |    4959 |   0.0 |       0 |      35 |   0.0 |  1121
          D:12 |       0 |   12410 |   0.0 |       0 |      56 |   0.0 |  1131
          D:13 |       0 |     758 |   0.0 |       0 |       3 |   0.0 |   120
               +---------+---------+-------+---------+---------+-------+---------
